 Dungeon Crawl Stone Soup version 0.31-a0-267-g3fc6992b3b (webtiles) character file.

Game seed: 11869290241721536020

207 qw the Shooter (level 5, -2/45 HPs)
             Began as a Minotaur Hexslinger on July 13, 2023.
             Slain by a sky beast (5 damage)
             ... on level 4 of the Dungeon.
             The game lasted 00:01:13 (2930 turns).

qw the Shooter (Minotaur Hexslinger)                Turns: 2930, Time: 00:01:14

Health: -2/45      AC:  2    Str: 12    XL:     5   Next: 54%
Magic:  5/5        EV: 12    Int: 10    God:
Gold:   176        SH:  0    Dex: 15    Spells: 5/6 levels left

rFire   . . .        Y - +1 sling
rCold   . . .        (no shield)
rNeg    . . .        g - +0 robe {Will+}
rPois   +            (helmet restricted)
rElec   .            (no cloak)
rCorr   .            (no gloves)
SInv    .            (no boots)
Will    +....        (no amulet)
Stlth   +            f - ring of poison resistance
HPRegen 0.27/turn    (no ring)
MPRegen 0.09/turn

%: no passive effects
@: about to teleport
A: horns 2, retaliatory headbutt
a: no special abilities


You were on level 4 of the Dungeon.
You visited 1 branch of the dungeon, and saw 4 of its levels.

You collected 176 gold pieces.


Innate Abilities, Weirdness & Mutations

You have a pair of horns on your head.
You reflexively headbutt those who attack you in melee.


   Skills:
 - Level 3.1 Fighting
 + Level 5.8 Ranged Weapons
 - Level 2.1 Dodging
 - Level 1.0 Spellcasting
 - Level 2.0 Hexes


You had 5 spell levels left.
You knew the following spells:

 Your Spells              Type           Power      Damage    Failure   Level
a - Slow                  Hex            16%        N/A       16%         1

Your spell library contained the following spells:

 Spells                   Type           Power      Damage    Failure   Level
 Inner Flame              Hex/Fire       2%         N/A       56%         3
 Portal Projectile        Hex/Tloc       4%         N/A       56%         3
 Cause Fear               Hex            2%         N/A       83%         4

Inventory:

Hand Weapons
 Y - a +1 sling (weapon)
Armour
 e - a +0 leather armour
 g - a +0 robe of willpower (worn)
 i - a +3 leather armour of cold resistance
Jewellery
 f - a ring of poison resistance (left hand)
Scrolls
 c - a scroll of teleportation
 k - a scroll of identify
 l - 3 scrolls of fog {unknown}
Potions
 a - a potion of cancellation {unknown}
 b - a potion of curing {unknown}
 d - a potion of haste
 h - a potion of brilliance {unknown}
 j - a potion of mutation {unknown}

Dungeon Overview and Level Annotations

Branches:
Dungeon (4/15)
 Temple: D:4-7

Altars:
Sif Muna

Annotations:
D:3 3 runed translucent doors, qw's ghost, amateur MiHs


Message History

Enter note:
Enter note:
Enter note:
Enter note:
Enter note: You shoot a sling bullet.
The sling bullet misses the sky beast.
You shoot a sling bullet.
The sling bullet barely misses the sky beast.
The ogre shouts!
You shoot a sling bullet.
The sling bullet closely misses the sky beast.
The sky beast hits you. The sky beast shocks you.
You shoot a sling bullet. The sling bullet hits the sky beast.
The sky beast is lightly wounded.
The sky beast closely misses you. The sky beast barely misses you.
You furiously retaliate!
You headbutt the sky beast! You shoot a sling bullet.
The sling bullet hits the sky beast but does no damage.
The sky beast is heavily wounded.
The sky beast flickers out of sight!
Deactivating autopickup; reactivate with Ctrl-A.
Something hits you. Something shocks you.
You shoot a sling bullet.
The sling bullet barely misses the ogre.
Something hits you. Something shocks you.
You shoot a sling bullet. The sling bullet hits the ogre.
The ogre is lightly wounded.
Something hits you. Something shocks you. The ogre barely misses you.
You shoot a sling bullet.
The sling bullet hits the ogre but does no damage.
The ogre is lightly wounded.
Something hits you. Something shocks you.
You shoot a sling bullet. The sling bullet hits the ogre.
The ogre is lightly wounded.
The ogre barely misses you. Something hits you. Something shocks you.
2930 ||| READING 2 scrolls of teleportation.
As you read the scroll of teleportation, it crumbles to dust.
You feel strangely unstable. Something hits you. Something shocks you.
You die...

#######..#..##..# #.##
....##..##...#..###..#
.#..#..###...#.......#
.#......###..>.......#
###......##........###
###......##.......##
....##............# ####
##..##............#....##
##.###..........@{......#
.#..##..........O##....##
...## ...........# ...##
...# #......(..... ...#
...##............. ...#
....#......<....... ...#
........>.......... ...#
..............#)##..
..#...........#


You could see an ogre.

Vanquished Creatures
  A hound (D:4)
  An iguana (D:3)
  Jessica (D:3)
  2 worms
  6 dart slugs
  10 orcs
  10 endoplasms
  2 giant cockroaches
  5 hobgoblins
  6 jackals (D:2)
  5 kobolds
  7 quokkas
  8 ball pythons
  7 bats
  6 frilled lizards
  8 goblins
  7 rats
92 creatures vanquished.

Notes
Turn   | Place    | Note
-------+----------+-------------------------------------------
     0 | D:1      | qw the Minotaur Hexslinger began the quest for the Orb.
     0 | D:1      | Reached XP level 1. HP: 16/16 MP: 1/1
     0 | D:1      | 0 ||| qw: Version: 0.3-a-52-g30416fa
     0 | D:1      | 0 ||| qw: Game counter: 7669
     0 | D:1      | 0 ||| qw: Melee chars always use a shield: true
     0 | D:1      | 0 ||| qw: God list: Okawaru
     0 | D:1      | 0 ||| qw: Allow faded altars: false
     0 | D:1      | 0 ||| qw: Do Orc after clearing Dungeon:15 true
     0 | D:1      | 0 ||| qw: Do second Lair branch before Depths: true
     0 | D:1      | 0 ||| qw: Lair rune preference: random
     0 | D:1      | 0 ||| qw: Goals: Normal
     0 | D:1      | 0 ||| PLANNING D:1-11
   219 | D:1      | Reached skill level 3 in Ranged Weapons
   253 | D:1      | Reached XP level 2. HP: 23/23 MP: 2/2
   534 | D:1      | Reached XP level 3. HP: 29/29 MP: 3/3
   864 | D:1      | 864 ||| UPGRADING to +0 leather armour.
   874 | D:1      | 874 ||| DROPPING +0 robe.
   875 | D:1      | 875 ||| UPGRADING to ring of poison resistance.
   876 | D:1      | 876 ||| READING 2 scrolls labelled ZAECSE ACRITZE.
   877 | D:1      | 877 ||| READING scroll labelled ZUOCSI IRANOL.
   882 | D:1      | 882 ||| DROPPING scroll of blinking.
   883 | D:1      | 883 ||| DROPPING scroll of poison.
   932 | D:2      | Reached skill level 4 in Ranged Weapons
  1353 | D:2      | Reached XP level 4. HP: 36/36 MP: 4/4
  1658 | D:2      | 1658 ||| UPGRADING to +0 robe of willpower.
  1668 | D:2      | 1668 ||| READING scroll labelled PASACY DOITUSKI.
  1669 | D:2      | 1669 ||| READING scroll labelled SIYQANODUA.
  1693 | D:3      | 1693 ||| STAIRDANCE
  1701 | D:2      | HP: 8/36 [orc/+0 hand axe (3)]
  2046 | D:3      | Noticed Jessica
  2053 | D:3      | Killed Jessica
  2054 | D:3      | Reached skill level 5 in Ranged Weapons
  2060 | D:3      | Found a shimmering blue altar of Sif Muna.
  2115 | D:3      | Found a runed translucent gate.
  2115 | D:3      | Found a runed translucent gate.
  2115 | D:3      | Found a runed translucent gate.
  2116 | D:3      | Noticed qw's ghost (amateur MiHs)
  2211 | D:3      | Reached skill level 3 in Fighting
  2211 | D:3      | Reached XP level 5. HP: 30/45 MP: 5/5
  2515 | D:3      | 2515 ||| READING 2 scrolls labelled QEKIGU REOZUAC.
  2516 | D:3      | 2516 ||| DRINKING 2 bubbling brown potions.
  2517 | D:3      | 2517 ||| DROPPING scroll of fear.
  2920 | D:4      | Noticed an ogre
  2920 | D:4      | Noticed a sky beast
  2929 | D:4      | HP: 11/45 [something (1)]
  2930 | D:4      | 2930 ||| READING 2 scrolls of teleportation.
  2930 | D:4      | HP: 3/45 [something (3)]
  2930 | D:4      | Slain by a sky beast

Levels and vault maps discovered:
D:1:      scummos_arrival_hexagon, layout_loops_corners, nicolae_the_louvre
D:2:      minmay_recursive_quarters, layout_loops_ring
D:3:      layout_basic, tgw_sif, ebering_ghost_rock_garden
D:4:      layout_cave_pools

Skill      XL: |  1  2  3  4 |
---------------+-------------+-----
Ranged Weapons | 3 4 5 |  5.8
Fighting       | 2 3 |  3.1
Dodging        | |  2.1
Spellcasting   | |  1.0
Hexes          | |  2.0

Action                     |  1- 3 |  4- 6 || total
---------------------------+-------+-------++-------
   Fire: Sling             |   164 |   132 ||   296
    Use: Scroll            |     2 |     4 ||     6
         Potion            |       |     1 ||     1
 Armour: Robe              |     8 |     4 ||    12
         Leather armour    |    13 |       ||    13
  Dodge: Dodged            |    58 |    36 ||    94

Table legend:
 A = Non-vault XP
 B = Vault XP
 C = Vault XP percentage of total XP
 D = Non-vault monster count
 E = Vault monster count
 F = Vault count percentage of total count
                 A         B        C        D         E       F
            +---------+---------+-------+---------+---------+-------
      Total |     246 |      50 |  16.9 |      83 |       9 |   9.8
            +---------+---------+-------+---------+---------+-------
        D:1 |      53 |       0 |   0.0 |      31 |       0 |   0.0
        D:2 |      49 |      13 |  21.0 |      24 |       8 |  25.0
        D:3 |      79 |      37 |  31.9 |      18 |       1 |   5.3
        D:4 |      65 |       0 |   0.0 |      10 |       0 |   0.0
            +---------+---------+-------+---------+---------+-------
